 Dungeon Sprint DCSS version 0.29.1-2-gbd0b4ee654 (webtiles) character file.

Game seed: 13598495577848411251

9842 boopmooplesden the Severer (level 11, -27/121 HPs)
             Began as a Minotaur Berserker on Nov 28, 2022.
             Was a High Priest of Trog.
             Killed from afar by a storm dragon (38 damage)
             ... with a bolt of lightning
             ... in the Dungeon (Sprint II: "The Violet Keep of Menkaure").
             The game lasted 00:07:30 (2449 turns).

boopmooplesden the Severer (Minotaur Berserker)     Turns: 2449, Time: 00:07:31

Health: -27/121    AC:  0    Str: 25    XL:     11   Next: 28%
Magic:  10/10      EV: 18    Int:  4    God:    Trog [*****.]
Gold:   49         SH:  0    Dex: 11    Spells: 10/10 levels left

rFire   . . .      SeeInvis .   (weapon currently unavailable)
rCold   . . .      Faith    .   (shield currently unavailable)
rNeg    . . .      Spirit   .   (body armour currently unavailable)
rPois   .          Reflect  .   (helmet currently unavailable)
rElec   .          Harm     .   (cloak currently unavailable)
rCorr   .          Rampage  .   (gloves currently unavailable)
Will    ++...      NoTele   +   (boots currently unavailable)
Stlth   +.........              (no amulet)
HPRegen 1.30/turn               (ring currently unavailable)
MPRegen 0.12/turn               (ring currently unavailable)

@: pig-form, strong-willed, regenerating, hasted and slowed, very quick
A: fast, no casting, small, (horns 2), (retaliatory headbutt), (deformed body)
a: Renounce Religion, Berserk, Trog's Hand, Brothers in Arms


You were in the Dungeon.
You worshipped Trog.
Trog was extremely pleased with you.
You were a filthy swine.
You visited 1 branch You collected 1699 gold pieces.
You spent 1650 gold pieces at shops.

Inventory:

Hand Weapons
 a - a +0 hand axe of freezing
 i - a +5 vorpal hand axe (melded)
 t - a +0 antimagic war axe
Armour
 b - the +0 kite shield of Obirhag (melded) {Contam Rampage rF+++ rC+}
   (You bought it in a shop in the Dungeon)

   rF:        It renders you almost immune to fire.
   rC:        It protects you from cold.
   Contam:    It causes magical contamination when unequipped.
   Rampage:   It bestows one free step when moving towards enemies.
 j - the +1 chain mail of Rasunuka (melded) {Rampage rPois Int+4 Dex+4}
   (You bought it in a shop in the Dungeon)

   Int:       It affects your intelligence (+4).
   Dex:       It affects your dexterity (+4).
   rPois:     It protects you from poison.
   Rampage:   It bestows one free step when moving towards enemies.
 u - a +2 cloak (melded)
Jewellery
 p - the ring "Ucrudiobb" (melded) {rN+ Dex+6 Stlth+}
   (You bought it in a shop in the Dungeon)

   [ring of dexterity]

   Dex:       It affects your dexterity (+6).
   rN:        It protects you from negative energy.
   Stlth:     It makes you more stealthy.
 r - a ring of fire
Scrolls
 h - 2 scrolls of blinking
 l - 3 scrolls of identify
 m - a scroll of enchant weapon {unknown}
 o - 2 scrolls of poison
 s - a scroll of fear
 v - a scroll of amnesia
 x - a scroll of immolation
Potions
 c - a potion of curing
 e - a potion of haste
 f - 5 potions of magic
 g - a potion of berserk rage
 k - 2 potions of brilliance {unknown}
 n - a potion of mutation {unknown}
 q - 7 potions of flight {unknown}
 w - 3 potions of resistance
 z - 2 potions of might {unknown}


   Skills:
 + Level 18.9 Fighting
 + Level 19.3 Axes
 + Level 15.3 Armour
 + Level 10.3 Dodging
 + Level 0.3 Stealth
 + Level 7.2 Shields


You had 10 spell levels left.
You didn't know any spells.
Your spell library was empty.

Dungeon Overview and Level Annotations

Branches:
Dungeon (1/1)

Altars:
Cheibriados
Dithmenos
Elyvilon
Fedhas
Gozag
Hepliaklqana
Kikubaaqudgha
Makhleb
Nemelex Xobeh
Okawaru
Qazlal
Ru
Sif Muna
Trog
Uskayaw
Vehumet
Wu Jian
Xom
Yredelemnul
Zin
The Shining One
Jiyva
Lugonu

Shops:
D ?::[(?[!==[=![:

Annotations:
D exclusions: ice statue, obsidian statue and oklob plant, Kirke, Roxanne


Innate Abilities, Weirdness & Mutations

You are a filthy swine.
You move quickly.
Your equipment is almost entirely melded.
You are incapable of wielding weapons or throwing items.
You cannot cast spells.
((You have a pair of horns on your head.))
((You reflexively headbutt those who attack you in melee.))
((Armour fits poorly on your strangely shaped body.))


Message History

Kirke casts a spell.
Kirke summons a manticore!
Your ogre closely misses Kirke.
You barely miss Kirke.
Kirke is lightly wounded.
Kirke completely misses you.
Your ogre hits Kirke with a +0 giant club!
The manticore closely misses you. The manticore claws you!
* * * LOW HITPOINT WARNING * * *
The manticore claws you!
* * * LOW HITPOINT WARNING * * *
Kirke completely misses you.
You feel yourself speed up.
Your ogre barely misses Kirke.
The manticore completely misses you. x2; The manticore misses you.
Kirke completely misses you.
Your skin crawls.
You feel strong-willed.
Your ogre hits Kirke with a +0 giant club!!!
The manticore bites you!
* * * LOW HITPOINT WARNING * * *
The manticore claws you!
* * * LOW HITPOINT WARNING * * *
The manticore misses you. Kirke casts a spell at your ogre.
Your ogre barely resists.
Your ogre misses Kirke. The manticore closely misses you.
The manticore completely misses you. The manticore barely misses you.
Kirke hits your ogre!
Okay, then.
Blink to where?
Press: ? - help, Dir - move target, p - Kirke
As you read the scroll of blinking, it crumbles to dust.
Something hits your ogre.
There is an open door, spattered with blood here.
You hear a shout!
You close the door.
A storm dragon comes into view.
The storm dragon roars deafeningly!
The storm dragon breathes lightning at you.
The bolt of lightning hits you!!!
You die...

##..∩.∩...#~~~~#.###.# ...# #...
##...∩.∩..#~~####.#.####..#####..
##....∩.⌠.#~##§###'###.##..#)†'..
##[..∩.∩..#~#O.H##.##...#..#..#^.
##..∩.∩...'~'@##'.<.'.##'..####..
##.∩......#~###.##.##...#....###.
#▓▓▓▓▓▓▓###~##.###+###.##§..§..~~
##!GF######~~####...####§~....§~#
#?GG#). ##~~~#h##..#~§~~~~§..~#
#∩P[+[$# #'#~##.####~~~~~§§~.~#
#!..#?##S##.#~~##D##~~~≈≈≈~~~~~#
#$.$###SS≈####~~~~~~~~~~§§§≈~~~#
##+###≈≈≈≈ #+++#+++#~≈≈≈≈§§§~#
≈≈≈≈ ##≈≈≈###≈§# ≈≈≈≈≈≈ ##≈≈#
#§≈# +≈≈≈≈≈8≈≈ +≈≈#+#≈≈#
##≈°°°≈≈≈ ≈≈≈≈§≈#


You could see a storm dragon (catching breath).

Vanquished Creatures
  2 sphinxes (D)
  A crystal guardian (D)
  A death yak (D)
  A centaur warrior (D)
  A skeletal warrior (D)
  2 death drakes (D)
  2 deep trolls (D)
  An elephant (D)
  A kobold demonologist (D)
  A yaktaur (D)
  3 polar bears (D)
  A hornet (D)
  2 wyverns (D)
  4 neqoxecs (D)
  A vampire mosquito (D)
  Menkaure (D)
  3 water moccasins (D)
  2 swamp drakes (D)
  4 necrophages (D)
  3 worms (D)
37 creatures vanquished.

Vanquished Creatures (others)
  A water moccasin (D)
  8 tentacles (D)
9 creatures vanquished.

Grand Total: 46 creatures vanquished

Notes
Turn   | Place    | Note
-------+----------+-------------------------------------------
     0 | D        | boopmooplesden the Minotaur Berserker began the quest for
                  | the Orb.
     0 | D        | Reached XP level 1. HP: 19/19 MP: 0/0
     1 | D        | Noticed a necrophage
     1 | D        | Noticed a necrophage
     1 | D        | Noticed a necrophage
     1 | D        | Noticed a necrophage
     7 | D        | Killed a necrophage
     8 | D        | Reached skill level 6 in Axes
     8 | D        | Reached XP level 2. HP: 31/31 MP: 1/1
     8 | D        | Reached XP level 3. HP: 38/38 MP: 2/2
    12 | D        | Killed a necrophage
    13 | D        | Reached skill level 8 in Axes
    13 | D        | Reached XP level 4. HP: 48/48 MP: 3/3
    16 | D        | Killed a necrophage
    16 | D        | Reached ** piety under Trog
    17 | D        | Reached skill level 9 in Axes
    17 | D        | Reached XP level 5. HP: 57/57 MP: 4/4
    20 | D        | Reached skill level 10 in Axes
    20 | D        | Reached skill level 5 in Armour
    31 | D        | Killed a water moccasin
    73 | D        | Noticed a wyvern
    73 | D        | Noticed a wyvern
    78 | D        | Killed a wyvern
    79 | D        | Reached skill level 11 in Axes
    79 | D        | Reached skill level 5 in Dodging
    79 | D        | Reached XP level 6. HP: 68/68 MP: 5/5
    85 | D        | Killed a wyvern
    86 | D        | Reached skill level 12 in Axes
    86 | D        | Reached XP level 7. HP: 31/74 MP: 6/6
   319 | D        | Noticed a neqoxec
   319 | D        | Noticed a neqoxec
   319 | D        | Noticed a neqoxec
   319 | D        | Noticed a neqoxec
   321 | D        | Gained mutation: Armour fits poorly on your strangely
                  | shaped body. [a neqoxec]
   323 | D        | Killed a neqoxec
   323 | D        | Reached *** piety under Trog
   328 | D        | Killed a neqoxec
   329 | D        | Reached skill level 13 in Axes
   329 | D        | Killed a neqoxec
   330 | D        | Killed a neqoxec
   331 | D        | Reached skill level 14 in Axes
   331 | D        | Reached XP level 8. HP: 86/86 MP: 7/7
   365 | D        | Reached **** piety under Trog
   375 | D        | Found Oro Pamett's Book Shop.
   375 | D        | Found Hokk's Jewellery Boutique.
   375 | D        | Found Muopnut's Armour Boutique.
   375 | D        | Found Itogis's Antique Armour Shop.
   376 | D        | Found Xiefuluf's Jewellery Boutique.
   376 | D        | Found Vengufal's Jewellery Shop.
   376 | D        | Found Tiungaesm's Distillery.
   377 | D        | Found Ocuketee's Distillery.
   377 | D        | Found Bisam's Armour Boutique.
   377 | D        | Found Noeje's Magic Scroll Boutique.
   377 | D        | Found Raock's Antique Weapon Shop.
   377 | D        | Noticed Menkaure
   377 | D        | Noticed a cane toad
   391 | D        | Killed Menkaure
   392 | D        | Noticed a cane toad
   393 | D        | Found Tulonob's Antique Armour Boutique.
   393 | D        | Found Zeew's Book Shop.
   393 | D        | Noticed an oklob plant
   393 | D        | Noticed a shining eye
   393 | D        | Noticed a shining eye
   409 | D        | Reached ***** piety under Trog
   418 | D        | Noticed a shining eye
   419 | D        | Found Xoenoed's Magic Scroll Boutique.
   419 | D        | Found Mecvypn's Book Shoppe.
   419 | D        | Found the +4 robe of Augmentation {Str+4 Int+4 Dex+4}
   545 | D        | Bought the +1 chain mail of Rasunuka {Rampage rPois Int+4
                  | Dex+4} for 525 gold pieces
   559 | D        | Noticed an ice dragon
   561 | D        | Bought a masterwork kite shield for 152 gold pieces
   561 | D        | Identified the +0 kite shield of Obirhag {Contam Rampage
                  | rF+++ rC+} (You bought it in a shop in the Dungeon)
   573 | D        | Bought a runed hand axe for 108 gold pieces
   597 | D        | Found a blossoming altar of Fedhas.
   598 | D        | Found a white marble altar of Elyvilon.
   598 | D        | Found an opulent altar of Gozag.
   598 | D        | Found a burning altar of Makhleb.
   599 | D        | Found a shadowy altar of Dithmenos.
   599 | D        | Found a corrupted altar of Lugonu.
   600 | D        | Found a snail-covered altar of Cheibriados.
   600 | D        | Found an ancient bone altar of Kikubaaqudgha.
   600 | D        | Found a bloodstained altar of Trog.
   601 | D        | Found a viscous altar of Jiyva.
   601 | D        | Found a shimmering blue altar of Sif Muna.
   602 | D        | Found a hazy altar of Hepliaklqana.
   602 | D        | Found a sacrificial altar of Ru.
   603 | D        | Found a stormy altar of Qazlal.
   603 | D        | Found an ornate altar of the Wu Jian Council.
   604 | D        | Noticed a yaktaur
   604 | D        | Noticed a hornet
   604 | D        | Noticed a polar bear
   604 | D        | Noticed a polar bear
   609 | D        | Killed a polar bear
   609 | D        | Noticed a polar bear
   610 | D        | Reached skill level 15 in Axes
   614 | D        | Killed a polar bear
   616 | D        | Killed a polar bear
   618 | D        | Killed a hornet
   619 | D        | Reached skill level 15 in Fighting
   619 | D        | Reached skill level 16 in Axes
   619 | D        | Reached XP level 9. HP: 97/97 MP: 8/8
   622 | D        | Killed a yaktaur
   801 | D        | Found a shimmering altar of Xom.
   807 | D        | Noticed a kraken
  1113 | D        | Found a glowing golden altar of the Shining One.
  1113 | D        | Found a basalt altar of Yredelemnul.
  1113 | D        | Found a hide-covered altar of Uskayaw.
  1114 | D        | Found a glowing silver altar of Zin.
  1114 | D        | Found a radiant altar of Vehumet.
  1123 | D        | Found a sparkling altar of Nemelex Xobeh.
  1124 | D        | Found an iron altar of Okawaru.
  1131 | D        | Noticed an obsidian statue
  1345 | D        | Noticed a deep troll
  1345 | D        | Noticed a deep troll
  1352 | D        | Killed a deep troll
  1352 | D        | Received a gift from Trog
  1353 | D        | Reached skill level 17 in Axes
  1353 | D        | Reached skill level 1 in Shields
  1357 | D        | Killed a deep troll
  1525 | D        | Noticed a sphinx
  1525 | D        | Noticed a sphinx
  1534 | D        | Killed a sphinx
  1535 | D        | Reached skill level 18 in Axes
  1535 | D        | Reached XP level 10. HP: 108/111 MP: 9/9
  1535 | D        | Killed a sphinx
  1577 | D        | Noticed a death drake
  1656 | D        | Bought the ring "Ucrudiobb" {rN+ Dex+6 Stlth+} for 700 gold
                  | pieces
  1739 | D        | Noticed an ice statue
  1761 | D        | Noticed a death drake
  1776 | D        | Killed a death drake
  1776 | D        | Received a gift from Trog
  1781 | D        | Killed a death drake
  1782 | D        | Reached skill level 10 in Dodging
  1782 | D        | Reached skill level 5 in Shields
  2044 | D        | Noticed a crystal guardian
  2061 | D        | Killed a crystal guardian
  2126 | D        | Noticed a death yak
  2141 | D        | Killed a death yak
  2142 | D        | Reached skill level 19 in Axes
  2142 | D        | Reached XP level 11. HP: 69/121 MP: 10/10
  2344 | D        | Bought a +2 cloak for 165 gold pieces
  2366 | D        | Noticed Roxanne
  2369 | D        | Noticed Kirke
  2369 | D        | Noticed a skeletal warrior
  2369 | D        | Noticed a yaktaur captain
  2369 | D        | Noticed a centaur warrior
  2383 | D        | Killed a skeletal warrior
  2411 | D        | Killed a centaur warrior
  2412 | D        | Reached skill level 15 in Armour
  2442 | D        | HP: 4/121 [manticore[Kirke] (9)]
  2449 | D        | Noticed a storm dragon
  2449 | D        | Killed from afar by a storm dragon

Illustrated notes

Levels and vault maps discovered:
D:        the_violet_keep_of_menkaure [sprint2_stairs_cluster_1,
          sprint2_shoproom, sprint2_temple, sprint2_basic_supplies,
          sprint2_obstacle_2, sprint2_obstacle_3, sprint2_obstacle_6,
          sprint2_obstacle_7, sprint2_obstacle_4, sprint2_timed_cluster_1,
          sprint2_smallroom_cluster_1, sprint2_smallroom_final_cluster_1,
          sprint2_transparent_cluster_1, sprint2_second_timed_cluster_1,
          sprint2_sniper_area_1, sprint2_heavy_combat_area_1,
          sprint2_mutation_trap_area_1, sprint2_forest_area_1,
          sprint2_light_combat_area_1, sprint2_behind_water_1,
          sprint2_near_end_vault_1]

Skill      XL: |  1  2  3  4  5  6  7  8  9 10 11 |
---------------+----------------------------------+-----
Fighting       | 6 8 9 11 13 15 17 18 | 18.9
Axes           | 6 8 9 11 12 14 16 18 19 | 19.3
Armour         | 3 4 5 6 8 11 14 15 | 15.3
Dodging        | 3 4 5 7 8 9 10 | 10.3
Shields        | 3 6 7 |  7.2
Stealth        | |  0.3

Action                   |  1- 3 |  4- 6 |  7- 9 | 10-12 || total
-------------------------+-------+-------+-------+-------++-------
Melee: Hand axe          |    10 |    17 |    77 |    61 ||   165
       Headbutt          |     2 |     2 |    12 |    22 ||    38
       Punch             |       |       |     1 |       ||     1
       Unarmed           |       |       |       |     5 ||     5
Invok: Berserk           |     1 |     1 |     5 |     3 ||    10
       Brothers in Arms  |       |       |       |     3 ||     3
       Trog's Hand       |       |       |       |     2 ||     2
  Use: Scroll            |       |       |     9 |     2 ||    11
       Potion            |       |       |       |     3 ||     3
Armor: Animal skin       |     2 |     1 |     1 |       ||     4
       Chain mail        |       |       |    25 |    19 ||    44
Dodge: Dodged            |     2 |     7 |    30 |    33 ||    72
Block: Kite shield       |       |       |    17 |    25 ||    42
